Map: Efflorescence LE

Players

qqq

  • Race: Terran Terran
  • Spawn Location: 6:00

Massa

  • Race: Terran Terran
  • League: Platinum
  • Spawn Location: 9:00

théàlamenthe

  • Race: Zerg Zerg
  • Spawn Location: 3:00

JoeElCoco

  • Race: Protoss Protoss
  • League: Diamond
  • Spawn Location: 12:00

VOD

Have the link to the VOD?

Description

Time

  • Played on: Nov. 7, 2020, 3:03 p.m.
  • Length: 3:59
Show
View Real Time Build Order
Export as new Build Order

qqq Terran 

Build Orders:  

Get SALT Encoding   

  12  0:03  SCV  
  13  0:16  SCV  
  14  0:22  Supply Depot  
  14  0:28  SCV  
  15  0:44  SCV  
  15  0:45  Barracks  
  15  0:49  Refinery  
  16  0:56  SCV  
  17  1:07  Barracks  
  17  1:09  SCV  
  18  1:18  Refinery  
  18  1:21  SCV  
  19  1:33  SCV  
  19  1:37  Reaper  
  21  1:41  Supply Depot  
  21  1:45  SCV  
  22  1:58  SCV  
  22  2:11  Reaper  
  23  2:16  Reaper  
  24  2:23  Orbital Command  
  24  2:28  Supply Depot  
  24  2:43  Reaper  
  24  2:48  Reaper  
  22  3:41  SCV  
  23  3:49  Barracks Tech Lab, Command Center  
Show
View Real Time Build Order
Export as new Build Order

Massa Terran 

Build Orders:  

Get SALT Encoding   

  12  0:00  SCV  
  13  0:13  SCV  
  14  0:18  Supply Depot  
  14  0:25  SCV  
  15  0:40  SCV  
  15  0:41  Barracks  
  16  0:47  Refinery  
  16  0:52  SCV  
  17  1:02  Refinery  
  17  1:04  SCV  
  18  1:16  SCV  
  19  1:25  Barracks  
  19  1:30  Orbital Command  
  19  1:35  Reaper  
  20  1:49  Barracks  
  20  1:57  Supply Depot  
  20  2:00  SCV  
  21  2:07  Reaper  
  22  2:12  Reaper  
  23  2:39  Reaper x2, Command Center  
  25  2:45  Reaper  
  26  2:51  Supply Depot  
  23  3:37  Barracks Tech Lab  
  23  3:38  Barracks Reactor  
  23  3:43  Command Center  
  23  3:46  Factory  
  22  3:49  Supply Depot  
Show
View Real Time Build Order
Export as new Build Order

théàlamenthe Zerg 

Build Orders: Hatch First 

Get SALT Encoding   

  12  0:01  Drone  
  13  0:12  Overlord  
  13  0:17  Drone  
  14  0:31  Drone x2  
  14  0:35  Drone  
  17  0:54  Hatchery  
  16  0:57  Drone  
  16  1:01  Drone  
  18  1:05  Extractor  
  17  1:18  Spawning Pool  
  16  1:21  Drone  
  16  1:24  Drone  
  18  1:30  Drone  
  19  1:40  Drone  
  20  1:51  Drone  
  21  2:07  Drone  
  21  2:09  Metabolic Boost  
  21  2:10  Overlord  
  21  2:11  Queen  
  23  2:17  Drone  
  23  2:20  Queen  
  26  2:23  Drone  
  26  2:25  Zergling x2  
  28  2:31  Drone  
  29  2:40  Baneling Nest  
  28  2:46  Zergling x6  
  31  3:02  Zergling x2  
  31  3:03  Zergling x4  
  30  3:23  Zergling x4  
  30  3:24  Drone x2  
  31  3:36  Drone x3  
  31  3:37  Overlord x2  
  31  3:39  Zergling x4  
Show
View Real Time Build Order
Export as new Build Order

JoeElCoco Protoss 

Build Orders:  

Get SALT Encoding   

  12  0:00  Probe  
  13  0:12  Probe  
  14  0:20  Pylon  
  14  0:24  Probe  
  15  0:38  Probe (Chrono Boost)  
  15  0:39  Gateway  
  16  0:44  Assimilator  
  17  0:50  Probe (Chrono Boost)  
  17  0:57  Probe (Chrono Boost)  
  18  1:06  Probe  
  19  1:11  Gateway  
  19  1:18  Probe (Chrono Boost)  
  20  1:28  Cybernetics Core  
  20  1:30  Pylon  
  20  1:39  Probe  
  21  1:43  Assimilator  
  21  1:46  Pylon  
  21  1:51  Probe  
  22  2:03  Probe  
  22  2:05  Stalker  
  25  2:09  Stalker  
  25  2:11  Warp Gate (Chrono Boost)  
  27  2:22  Probe  
  28  2:34  Probe  
  29  2:49  Stalker  
  31  2:51  Gateway  
  31  2:53  Gateway  
  31  2:56  Stalker  
  33  3:36  Pylon  
  33  3:42  Gateway  
Tags
 
Add a new tag
Caveats
  • Supply blocks, unpowered buildings, or Contaminate may cause inaccurate times.
  • Supply counts are checked every 10 seconds.